 Dungeon Crawl Stone Soup version 0.27-a0-1579-g97d2440184 (webtiles) character file.

Game seed: 17785579468919138411

438 dolemite99 the Conjurer (level 6, -12/32 HPs)
             Began as a Deep Elf Conjurer on July 17, 2021.
             Was a Believer of Fedhas.
             Mangled by a two-headed ogre (18 damage)
             ... on level 5 of the Dungeon.
             The game lasted 00:05:24 (4890 turns).

dolemite99 the Conjurer (Deep Elf Conjurer)         Turns: 4890, Time: 00:05:24

Health: -12/32     AC:  6    Str:  4    XL:     6   Next: 69%
Magic:  5/15       EV: 12    Int: 25    God:    Fedhas [**....]
Gold:   166        SH:  0    Dex: 13    Spells: 5/15 levels left

rFire    . . .     SeeInvis +   b - staff of conjuration
rCold    . . .     Faith    .   (no shield)
rNeg     . . .     Spirit   .   a - +0 robe
rPois    .         Reflect  .   s - +2 helmet {SInv}
rElec    .         Harm     .   i - +0 cloak
rCorr    .         Rampage  .   (no gloves)
Will     .....                  (no boots)
Stlth    ++........             (no amulet)
HPRegen  0.10/turn              e - ring of flight
MPRegen  0.14/turn              (no ring)

@: flying
A: no striking features
a: Renounce Religion, Wall of Briars


You were on level 5 of the Dungeon.
You worshipped Fedhas.
Fedhas was pleased with you.
You visited 1 branch of the dungeon, and saw 6 of its levels.

You collected 166 gold pieces.

Inventory:

Hand Weapons
 m - a +0 hunting sling
 p - a +0 trident
Missiles
 g - 5 atropa-tipped darts
 k - 2 curare-tipped darts
 u - 53 stones
 C - 36 sling bullets
Armour
 a - a +0 robe (worn)
 i - a +0 cloak (worn)
 j - a +1 ring mail of positive energy
 r - a +0 helmet
 s - a +2 helmet of see invisible (worn)
 D - a +0 kite shield
 G - a +2 ring mail of positive energy
Magical Staves
 b - a staff of conjuration (weapon)
Jewellery
 e - a ring of flight (left hand)
Scrolls
 h - a scroll of vulnerability {unknown}
 n - a scroll of teleportation {unknown}
 q - a scroll of fear {unknown}
 x - a scroll of fog {unknown}
 y - a scroll of amnesia {unknown}
 A - a scroll of immolation {unknown}
 B - a scroll of magic mapping
 E - a scroll of blinking {unknown}
 F - a scroll of enchant weapon {unknown}
 H - a scroll of brand weapon {unknown}
Potions
 c - a potion of invisibility {unknown}
 d - a potion of curing {unknown}
 f - a potion of degeneration {unknown}
 l - a potion of heal wounds {unknown}
 o - 2 potions of flight
 t - a potion of brilliance {unknown}
 v - 2 potions of magic {unknown}
 w - 3 potions of attraction
 z - a potion of mutation {unknown}


   Skills:
 - Level 2.6 Dodging
 - Level 2.7 Stealth
 - Level 5.0 Spellcasting
 + Level 7.8 Conjurations
 * Level 1.9 Hexes


You had 5 spell levels left.
You knew the following spells:

 Your Spells              Type           Power      Damage    Failure   Level
a - Magic Dart            Conj           100%       1d8       1%          1
b - Searing Ray           Conj           100%       3d7       1%          2
c - Dazzling Flash        Conj/Hex       92%        N/A       3%          3
d - Fulminant Prism       Conj/Hex       23%        3d13      11%         4

Your spell library contained the following spells:

 Spells                   Type           Power      Damage    Failure   Level
 Iskenderun's Mystic Bla  Conj/Tloc      38%        2d9       16%         4


Dungeon Overview and Level Annotations

Branches:
Dungeon (6/15)             Temple (0/1) D:4

Altars:
Fedhas
Kikubaaqudgha
Qazlal
Zin

Shops:
D:2 (


Message History

You feel a surge of power!
The magic dart hits the two-headed ogre.
The two-headed ogre is lightly wounded.
Casting: Magic Dart (safe; 1% risk of failure)
Confirm with . or Enter, or press ? or * to list all spells.
Aiming: Searing Ray (safe; 1% risk of failure)
Press: ? - help, Shift-Dir - straight line, f/p - two-headed ogre
Aim: a two-headed ogre, wielding two +0 giant clubs (lightly wounded, 92% to hit)
You feel a surge of power!
The searing ray hits the two-headed ogre!
The two-headed ogre is moderately wounded. (Press . to maintain the ray.)
The searing ray hits the two-headed ogre.
The two-headed ogre is moderately wounded.
The searing ray hits the two-headed ogre!
The two-headed ogre is severely wounded.
The searing ray hits the two-headed ogre!
The two-headed ogre is severely wounded.
You finish channeling your searing ray.
The two-headed ogre barely misses you.
The two-headed ogre hits you with a +0 giant club!
Casting: Searing Ray (safe; 1% risk of failure)
Confirm with . or Enter, or press ? or * to list all spells.
Aiming: Searing Ray (safe; 1% risk of failure)
Press: ? - help, Shift-Dir - straight line, f/p - two-headed ogre
Aim: a two-headed ogre, wielding two +0 giant clubs (severely wounded, 92% to hit)
You feel a surge of power!
The searing ray hits the two-headed ogre!
The two-headed ogre is almost dead. (Press . to maintain the ray.)
The two-headed ogre hits you with a +0 giant club!!
Ouch! That really hurt!
* * * LOW HITPOINT WARNING * * *
The two-headed ogre barely misses you.
The searing ray misses the two-headed ogre.
The searing ray hits the two-headed ogre!
The two-headed ogre is almost dead.
The two-headed ogre hits you with a +0 giant club!!
Ouch! That really hurt!
You die...
Fedhas appreciates your contribution to the ecosystem.

### ##### ##.# #.# #...#
#..# #######.# #...# #.##
.....>#.###...###.#
#####.#...........#
#............##
###..........#
#.###..<###################
#.###.....@O...............
#........##################
##########


You could see a two-headed ogre.

Vanquished Creatures
  A bullfrog zombie (D:5)
  A centaur skeleton (D:5)
  2 jellies
  Terence (D:2)
  4 iguanas
  A scorpion zombie (D:5)
  An orc wizard (D:5)
  6 adders
  2 ufetubi
  An adder skeleton (D:4)
  A dart slug (D:2)
  6 orcs
  6 ball pythons
  4 bats
  4 endoplasms
  6 giant cockroaches
  6 goblins
  8 hobgoblins
  2 quokkas
  3 frilled lizards
  8 kobolds
  3 rats
77 creatures vanquished.

Notes
Turn   | Place    | Note
-------+----------+-------------------------------------------
     0 | D:1      | dolemite99 the Deep Elf Conjurer began the quest for the
                  | Orb.
     0 | D:1      | Reached XP level 1. HP: 10/10 MP: 6/6
   348 | D:1      | Reached XP level 2. HP: 15/15 MP: 4/8
   550 | D:1      | Learned a level 2 spell: Searing Ray
   886 | D:2      | Found Usynoq's Weapon Shop.
   894 | D:2      | Reached skill level 5 in Conjurations
   894 | D:2      | Reached XP level 3. HP: 19/19 MP: 3/9
  1077 | D:2      | Found a faded altar of an unknown god.
  1211 | D:2      | Became a worshipper of Fedhas Madash
  1211 | D:2      | Reached * piety under Fedhas
  1277 | D:2      | Found an ancient bone altar of Kikubaaqudgha.
  1730 | D:2      | Noticed Terence
  1736 | D:2      | Killed Terence
  1737 | D:2      | Reached skill level 6 in Conjurations
  1737 | D:2      | Reached XP level 4. HP: 16/24 MP: 6/10
  2130 | D:3      | Learned a level 3 spell: Dazzling Flash
  2181 | D:3      | Found a stormy altar of Qazlal.
  2290 | D:3      | Reached ** piety under Fedhas
  2513 | D:3      | You are sucked into a shaft and drop 3 floors!
  2541 | D:5      | Entered Level 5 of the Dungeon
  2721 | D:5      | Reached XP level 5. HP: 28/28 MP: 7/11
  2921 | D:5      | Reached skill level 7 in Conjurations
  3146 | D:5      | Reached XP level 6. HP: 32/32 MP: 8/13
  3676 | D:4      | Reached skill level 5 in Spellcasting
  3787 | D:4      | Found a staircase to the Ecumenical Temple.
  3900 | D:4      | Learned a level 4 spell: Fulminant Prism
  3955 | D:4      | Found an ancient bone altar of Kikubaaqudgha.
  4109 | D:3      | Found a glowing silver altar of Zin.
  4476 | D:4      | Reached skill level 1 in Hexes
  4870 | D:5      | Noticed a two-headed ogre
  4890 | D:5      | Mangled by a two-headed ogre

Illustrated notes

Levels and vault maps discovered:
D:1:      nzn_arrival_water_spiral, layout_basic
D:2:      layout_basic, hellmonk_ecumenical_altar_slurped_away, serial_shops,
          nicolae_shop_trees, basic_altar, uniq_terence
D:3:      layout_basic, nicolae_overflow_crystal_walls, zin_treasury,
          chequers_arboretum
D:4:      layout_cave_pools, nicolae_kikubaaqudgha_miasma_corner,
          minmay_temple_entry_ruins
D:5:      kb_forest_paths, layout_loops_ring
D:6:      layout_loops_cross, mainiacjoe_overflow_large_starburst, uniq_edmund

Skill      XL: |  1  2  3  4  5  6 |
---------------+-------------------+-----
Conjurations   | 5 6 7 |  7.8
Spellcasting   | 5 |  5.0
Hexes          | 1 |  1.9
Dodging        | |  2.6
Stealth        | |  2.7

Action                   |  1- 3 |  4- 6 || total
-------------------------+-------+-------++-------
Melee: Staff             |       |     1 ||     1
 Cast: Magic Dart        |    68 |    70 ||   138
       Searing Ray       |     1 |    16 ||    17
  Use: Scroll            |       |     4 ||     4
Armor: Robe              |     2 |     5 ||     7
Dodge: Dodged            |     2 |    19 ||    21

Table legend: (Time is in decaauts)
 A = Elapsed time spent in this place.
 B = Non-inter-level travel time spent in this place.
 C = Inter-level travel time spent in this place.
 D = Time resting spent in this place.
 E = Time spent auto-exploring this place.
 F = Levels seen in this place.
 G = Mean time per level.
                   A        B        C        D        E       F      G
               +--------+--------+--------+--------+--------+-----+--------+
         Total |   4889 |   4793 |     96 |    910 |   3232 |   6 |  814.8 |
       Dungeon |   4889 |   4793 |     96 |    910 |   3232 |   6 |  814.8 |
               +--------+--------+--------+--------+--------+-----+--------+

Top non-repeatable levels by time:
     D:2: 1265 daAuts
     D:5: 1195 daAuts
     D:3: 888 daAuts
     D:1: 833 daAuts
     D:4: 679 daAuts
     D:6: 27 daAuts
